 Dungeon Crawl Stone Soup version 0.30.1-9-gdf580d7c3d (webtiles) character file.

Game seed: 15353499332316810130

177351 ChiefBigBeans the Tortoise (level 17, -14/131 HPs)
             Began as a Demonspawn Fighter on Oct 5, 2023.
             Was the Champion of Cheibriados.
             Killed from afar by a naga mage (24 damage)
             ... with a bolt of poison
             ... on level 4 of the Snake Pit on Oct 10, 2023.
             The game lasted 01:13:10 (25297 turns).

ChiefBigBeans the Tortoise (Demonspawn Fighter)    Turns: 25297, Time: 01:13:10

Health: -14/131    AC: 49    Str: 38    XL:     17   Next: 54%
Magic:  17/17      EV:  9    Int: 27    God:    Cheibriados [******]
Gold:   373        SH: 25    Dex: 40    Spells: 16/16 levels left

rFire   + . .        n - +6 trident (spect)
rCold   . . .        t - +2 kite shield {reflect}
rNeg    + . .        p - +15 Maxwell's patent armour {-Cast -Tele rElec Will+ rCorr}
rPois   .            E - +0 helmet
rElec   +            k - scarf "Kaohac" {harm, Drain Will+ Regen+ SInv}
rCorr   +            l - +0 pair of gloves
SInv    +            L - +0 pair of boots
Will    +++++        F - amulet of regeneration Stlth
                     P - ring of Zioneoh {Wiz Will+ Str+2 Int+2 SInv}
HPRegen 2.01/turn    c - ring "Katoblal" {rN+ Will+ Str+3 Dex+6}
MPRegen 0.15/turn

%: no teleportation, no spellcasting, harm (+30% outgoing, +20% incoming),
reflection, wizardry (x1)
@: lethally poisoned (-14 -> -29), weakened, slowed, very slow
A: hooves 1, slimy green scales 2, icemail 2, spiny 2, condensation shield, fire
resistance 1
a: Renounce Religion, Bend Time, Temporal Distortion, Slouch, Step From Time


You were on level 4 of the Snake Pit.
You worshipped Cheibriados.
Cheibriados was exalted by your worship.
You visited 5 branches of the dungeon, and saw 27 of its levels.
You also visited: Bailey.

You collected 2746 gold pieces.
You spent 2373 gold pieces at shops.

Inventory:

Hand Weapons
 e - the +5 dagger of War {chaos, rPois Will+ rCorr SInv}
   (You found it on level 2 of the Snake Pit)

   rPois:     It protects you from poison.
   SInv:      It lets you see invisible.
   rCorr:     It protects you from acid and corrosion.
   Will:      It increases your willpower.
   Cheibriados disapproves of the use of such an item.
 j - a +3 halberd of flaming
 n - a +6 spectral trident (weapon)
Armour
 k - the scarf "Kaohac" (worn) {harm, Drain Will+ Regen+ SInv}
   (You bought it in a shop on level 2 of the Orcish Mines)

   SInv:      It lets you see invisible.
   Regen:     It increases your rate of health regeneration.
   Drain:     It drains your maximum health when unequipped.
   Will:      It increases your willpower.
 l - a +0 pair of gloves (worn)
 p - the +15 Maxwell's patent armour (worn) {-Cast -Tele rElec Will+ rCorr}
   (You found it in a bailey)

   rElec:     It insulates you from electricity.
   -Cast:     It prevents spellcasting.
   -Tele:     It prevents most forms of teleportation.
   rCorr:     It protects you from acid and corrosion.
   Will:      It increases your willpower.
 t - a +2 kite shield of reflection (worn)
 E - a +0 helmet (worn)
 L - a +0 pair of boots (worn)
Jewellery
 c - the ring "Katoblal" (right hand) {rN+ Will+ Str+3 Dex+6}
   (You bought it in a shop on level 1 of the Orcish Mines)

   [ring of dexterity]

   Str:       It affects your strength (+3).
   Dex:       It affects your dexterity (+6).
   rN:        It protects you from negative energy.
   Will:      It increases your willpower.
 F - an amulet of regeneration (around neck)
 P - the ring of Zioneoh (left hand) {Wiz Will+ Str+2 Int+2 SInv}
   (You bought it in a shop on level 2 of the Snake Pit)

   [ring of wizardry]

   It improves your spell success rate.
   Str:       It affects your strength (+2).
   Int:       It affects your intelligence (+2).
   SInv:      It lets you see invisible.
   Will:      It increases your willpower.
Wands
 a - a wand of flame (11)
 m - a wand of paralysis (42)
 u - a wand of polymorph (19)
 y - a wand of mindburst (20)
 B - a wand of roots (18)
 D - a wand of quicksilver (2)
Scrolls
 b - 3 scrolls of butterflies
 g - 6 scrolls of teleportation
 i - 9 scrolls of identify
 o - 2 scrolls of magic mapping
 v - 4 scrolls of fog
 C - 3 scrolls of blinking
 J - a scroll of fear
Potions
 d - 7 potions of might
 q - 2 potions of heal wounds
 r - 14 potions of curing
 z - 3 potions of flight
 H - 3 potions of ambrosia
 K - a potion of cancellation
Miscellaneous
 A - a tin of tremorstones (2/2)


   Skills:
 - Level 11.1 Fighting
 - Level 1.7(10.2) Axes
 + Level 15.5 Polearms
 * Level 18.0 Armour
 + Level 16.1 Shields


You had 16 spell levels left.
You didn't know any spells.
Your spell library contained the following spells:

 Spells                   Type           Power      Damage    Failure   Level
 Apportation              Tloc           0%         N/A       21%         1
 Necrotise                Necr           0%         1d4       21%         1
 Shock                    Conj/Air       0%         1d3       21%         1
 Sting                    Tmut/Pois      0%         1d3       21%         1
 Call Canine Familiar     Summ           0%         N/A       50%         3
 Ignite Poison            Fire/Tmut/Pois 0%         N/A       50%         3
 Portal Projectile        Hex/Tloc       0%         N/A       50%         3
 Summon Guardian Golem    Hex/Summ       0%         N/A       50%         3
 Swiftness                Air            0%         N/A       50%         3
 Vampiric Draining        Necr           0%         2d6       50%         3
 Airstrike                Air            0%         2d(0-16)  86%         4
 Ice Form                 Ice/Tmut       0%         N/A       86%         4
 Leda's Liquefaction      Hex/Erth       0%         N/A       86%         4
 Agony                    Necr           0%         N/A       99%         5
 Alistair's Intoxication  Tmut/Pois      0%         N/A       99%         5
 Iskenderun's Battlesphe  Conj           0%         2d6       99%         5
 Metabolic Englaciation   Hex/Ice        0%         N/A       99%         5
 Iron Shot                Conj/Erth      0%         9d1       100%        6
 Simulacrum               Ice/Necr       0%         N/A       100%        6
 Statue Form              Tmut/Erth      0%         N/A       100%        6
 Malign Gateway           Summ/Tloc      0%         N/A       100%        7
 Orb of Destruction       Conj           0%         9d5       100%        7
 Ozocubu's Refrigeration  Ice            0%         4d7       100%        7
 Spellforged Servitor     Conj/Summ      0%         N/A       100%        7
 Summon Horrible Things   Summ           0%         N/A       100%        8
 Polar Vortex             Ice            0%         N/A       100%        9


Dungeon Overview and Level Annotations

Branches:
Dungeon (15/15)            Temple (1/1) D:4            Lair (5/5) D:10
 Shoals (0/4) Lair:2        Snake (4/4) Lair:2        Slime (0/5) Lair:4
    Orc (2/2) D:9             Elf (0/3) Orc:2        Vaults (0/5) D:14
 Depths (0/4) D:15         Bailey (visited)

Altars:
Ashenzari
Cheibriados
Dithmenos
Fedhas
Gozag
Hepliaklqana
Kikubaaqudgha
Makhleb
Nemelex Xobeh
Okawaru
Qazlal
Ru
Sif Muna
Trog
Uskayaw
Vehumet
Wu Jian
Xom
Yredelemnul
Jiyva

Shops:
D:5 *   D:6 :   D:7 ?:!   Orc:1 =!:   Orc:2 [(:*   Snake:2 =   Snake:4 (?*(


Innate Abilities, Weirdness & Mutations

You have large cloven feet.
You are mostly covered in slimy green scales. (AC +3)
A meltable icy envelope protects you from harm. (AC +8)
You are mostly covered in sharp spines.
A meltable shield of frost defends you. (SH +4)
Your flesh is heat resistant. (rF+)


Message History

You hit the naga sharpshooter.
The naga sharpshooter is almost dead.
Your +6 spectral trident hits the naga sharpshooter from afar.
You feel sick.
The naga sharpshooter looks more healthy.
The naga mage casts a spell at you.
The bolt of poison hits the naga sharpshooter.
The naga sharpshooter dies!
The bolt of poison hits you.
You are more poisoned.
* * * LOW HITPOINT WARNING * * *
You block the naga mage's attack.
You puncture the naga!
The naga is heavily wounded.
Your +6 spectral trident hits the naga from afar!
You feel very sick. The naga spits poison at you.
The splash of poison hits you but does no damage.
You are more poisoned.
The naga mage gestures at you while chanting.
The bolt of poison hits the naga.
The naga is poisoned.
The bolt of poison misses you.
You puncture the naga!
You kill the naga!
Cheibriados appreciates the change of pace.
Your +6 spectral trident disappears.
You feel very sick. You block the naga mage's attack.
You feel extremely sick. You block the naga mage's attack.
The naga mage gestures at the naga while chanting.
The naga seems to grow toxic.
The naga mage hits you but does no damage.
The naga mage casts a spell at you.
The bolt of poison hits you but does no damage.
You are more poisoned.
The naga mage points at you and mumbles some strange words.
The bolt of poison hits you!!
You are lethally poisoned!
You die...

#####).............. .
####.......#...........
.
#.......)..#...........
.
.......).†)..).........
.
........#####......####
. ..(..#### #......#
.... #......# ...
#)..#..# .. #@N....# .
#NN....# .........
.........# ..(.......#
.......#....
#####......## #......#


You could see a salamander tyrant, a naga mage (fast) and a naga (curare).

Vanquished Creatures
  Bai Suzhen (Snake:4)
  Kirke (Snake:4)
  Roxanne (Snake:3)
  2 nagarajas
  Aizul (Snake:3)
  Louise (Snake:2)
  An orc warlord (Orc:2)
  A stone giant (D:15)
  An ironbound preserver (D:14)
  Azrael (D:12)
  2 fire dragons
  A salamander tyrant (Snake:2)
  3 catoblepae
  8 hydras
  11 anacondas
  8 centaur warriors
  A merfolk avatar (Lair:5)
  A death knight (D:15)
  3 boulder beetles
  15 two-headed ogres
  19 death yaks (Lair:5)
  11 naga warriors
  4 tengu warriors
  3 orc high priests (Orc:2)
  9 naga sharpshooters
  7 shock serpents
  2 skysharks
  4 salamander mystics
  A sea snake (Lair:5)
  4 skeletal warriors (D:15)
  An obsidian statue (D:13)
  Pikel (D:6)
  2 wizards (D:12)
  6 naga ritualists
  An oklob plant (Lair:3)
  3 deep elf pyromancers
  6 orc knights
  10 mana vipers
  3 orc sorcerers (Orc:2)
  5 cyclopes
  5 ugly things (D:14)
  15 salamanders
  6 manticores
  15 elephants
  16 naga magi
  48 black mambas
  2 guardian serpents
  2 gargoyles (D:12)
  2 torpor snails
  12 cane toads
  11 komodo dragons
  2 freezing wraiths (D:15)
  6 yaktaurs (D:15)
  3 efreet
  2 unseen horrors
  2 tengu conjurers (D:14)
  5 trolls
  3 hornets
  3 polar bears
  2 wind drakes (Lair:5)
  19 blink frogs
  9 slime creatures
  Sigmund (D:6)
  A centaur simulacrum (D:14)
  3 shadows
  5 wraiths
  6 wyverns
  2 vampires
  49 yaks
  2 hogs (Snake:4)
  4 fire elementals (D:12)
  6 basilisks
  2 steam dragons
  41 nagas
  10 vampire mosquitoes (D:12)
  4 wargs
  4 acid dragons
  17 water moccasins
  4 hell hounds (D:12)
  34 orc warriors
  A black bear (D:7)
  A swamp drake (D:9)
  2 sky beasts
  6 ogres
  17 centaurs
  25 wolves
  2 kobold brigands
  A lemure (D:6)
  11 bullfrogs
  A scorpion (D:4)
  3 wights (D:8)
  5 killer bees (D:8)
  4 howler monkeys
  An electric eel (D:6)
  6 hounds
  3 gnoll boudas
  9 orc priests
  7 jellies
  2 iguanas
  A sleepcap (D:8)
  Natasha (thrice) (D:2)
  16 orc wizards
  15 gnolls
  8 adders
  An ufetubus (D:3)
  A worm (D:3)
  89 orcs
  5 bats
  8 endoplasms
  4 giant cockroaches
  4 goblins
  8 hobgoblins
  4 jackals (D:2)
  2 quokkas (D:1)
  5 ball pythons
  7 frilled lizards
  21 kobolds
  8 rats
868 creatures vanquished.

Vanquished Creatures (others)
  A naga sharpshooter (Snake:4)
  A shock serpent (Snake:2)
  A black mamba (Snake:3)
  A human (Snake:4)
  2 orcs
6 creatures vanquished.

Grand Total: 874 creatures vanquished

Notes
Turn   | Place    | Note
-------+----------+-------------------------------------------
     0 | D:1      | ChiefBigBeans the Demonspawn Fighter began the quest for
                  | the Orb.
     0 | D:1      | Reached XP level 1. HP: 18/18 MP: 1/1
   138 | D:1      | Gained mutation: You are partially covered in sharp spines.
                  | [demonic ancestry]
   138 | D:1      | Reached XP level 2. HP: 18/24 MP: 2/2
   433 | D:1      | Found a faded altar of an unknown god.
   552 | D:1      | Gained mutation: Your flesh is heat resistant. (rF+)
                  | [potion of mutation]
   624 | D:2      | Gained mutation: A meltable shield of frost defends you.
                  | (SH +4) [demonic ancestry]
   624 | D:2      | Reached XP level 3. HP: 29/29 MP: 3/3
  1010 | D:2      | Noticed Natasha
  1015 | D:2      | Killed Natasha
  1016 | D:2      | Gained mutation: A meltable icy envelope protects you from
                  | harm. (AC +8) [demonic ancestry]
  1016 | D:2      | Reached XP level 4. HP: 28/37 MP: 4/4
  1425 | D:2      | Noticed Natasha
  1436 | D:2      | Killed Natasha
  1516 | D:2      | Noticed Natasha
  1538 | D:2      | Killed Natasha
  1539 | D:2      | Gained mutation: You have large cloven feet. [demonic
                  | ancestry]
  1539 | D:2      | Reached XP level 5. HP: 29/43 MP: 5/5
  2221 | D:4      | Reached skill level 5 in Fighting
  2232 | D:4      | Reached skill level 1 in Polearms
  2234 | D:4      | Gained mutation: You are partially covered in slimy green
                  | scales. (AC +2) [demonic ancestry]
  2234 | D:4      | Reached XP level 6. HP: 13/51 MP: 6/6
  2519 | D:4      | Found a staircase to the Ecumenical Temple.
  2664 | D:4      | Reached skill level 5 in Shields
  3132 | D:5      | Entered Level 5 of the Dungeon
  3155 | D:5      | Found Miss's Assorted Antiques.
  3158 | D:5      | Bought a scroll labelled GIWIMA KOITHRAS for 20 gold pieces
  3169 | D:5      | Reached XP level 7. HP: 57/57 MP: 7/7
  3239 | D:5      | Found a sparkling altar of Nemelex Xobeh.
  3285 | D:5      | Identified the amulet of Ureojom {RegenMP Str+3 Int+3}
  3954 | Temple   | Entered the Ecumenical Temple
  4004 | Temple   | Became a worshipper of Cheibriados the Contemplative
  4084 | D:6      | Found Zaenol's Vocational Training.
  4174 | D:6      | Reached XP level 8. HP: 41/65 MP: 8/8
  4623 | D:6      | Noticed Pikel
  4631 | D:6      | Killed Pikel
  4631 | D:6      | Reached * piety under Cheibriados
  4906 | D:6      | Noticed Sigmund
  4912 | D:6      | Killed Sigmund
  4913 | D:6      | Reached skill level 5 in Polearms
  5275 | D:7      | Found Qiace's Magic Scroll Shoppe.
  5283 | D:7      | Found Xoups's Book Boutique.
  5299 | D:7      | Reached XP level 9. HP: 74/74 MP: 9/9
  5885 | D:7      | Found Zitesag's Distillery.
  6118 | D:7      | Bought a scroll of enchant armour for 105 gold pieces
  6183 | D:8      | Reached ** piety under Cheibriados
  6349 | D:8      | Found a burning altar of Makhleb.
  6356 | D:8      | Identified the +9 whip of Bile {heavy, rCorr}
  6911 | D:8      | Found an opulent altar of Gozag.
  6919 | D:8      | Found an ornate altar of the Wu Jian Council.
  7730 | D:9      | Gained mutation: A meltable icy envelope protects you from
                  | harm. (AC +8) [demonic ancestry]
  7730 | D:9      | Reached XP level 10. HP: 83/83 MP: 10/10
  7948 | D:9      | Reached *** piety under Cheibriados
  8014 | D:9      | Noticed a two-headed ogre
  8030 | D:9      | Killed a two-headed ogre
  8123 | D:9      | Reached skill level 10 in Fighting
  8261 | D:9      | Found a staircase to the Orcish Mines.
  8283 | D:9      | Reached **** piety under Cheibriados
  8590 | D:9      | Found a shimmering altar of Xom.
  8639 | D:9      | Noticed a two-headed ogre
  8658 | D:9      | Killed a two-headed ogre
  8792 | D:10     | Entered Level 10 of the Dungeon
  8805 | D:10     | Noticed a two-headed ogre
  8814 | D:10     | Killed a two-headed ogre
  8815 | D:10     | Reached XP level 11. HP: 73/92 MP: 11/11
  8817 | D:10     | Found a broken altar of Ashenzari.
  8818 | D:10     | Noticed a two-headed ogre
  8831 | D:10     | Killed a two-headed ogre
  8841 | D:10     | Noticed a two-headed ogre
  8861 | D:10     | Reached skill level 10 in Shields
  8865 | D:10     | Killed a two-headed ogre
  8940 | D:10     | Found a flagged portal.
  8950 | Bailey   | Entered a bailey
  9024 | Bailey   | Noticed an orc knight
  9080 | Bailey   | Reached ***** piety under Cheibriados
  9172 | Bailey   | Killed an orc knight
  9173 | Bailey   | Reached skill level 3 in Armour
  9350 | Bailey   | Found the +15 Maxwell's patent armour {-Cast -Tele rElec
                  | Will+ rCorr}
  9986 | D:10     | Reached skill level 4 in Armour
 10008 | D:10     | Found a staircase to the Lair.
 10420 | D:11     | Reached skill level 5 in Armour
 10989 | D:11     | Reached skill level 6 in Armour
 10989 | D:11     | Gained mutation: You are mostly covered in sharp spines.
                  | [demonic ancestry]
 10989 | D:11     | Reached XP level 12. HP: 87/100 MP: 12/12
 11084 | D:11     | Noticed a two-headed ogre
 11091 | D:11     | Killed a two-headed ogre
 11476 | Lair:1   | Entered Level 1 of the Lair of Beasts
 11502 | Lair:1   | Reached skill level 10 in Polearms
 11646 | Lair:1   | Identified the +3 broad axe of Afoh {protect, rN+ Will-
                  | Int+2}
 11716 | Lair:1   | Reached skill level 7 in Armour
 12217 | Lair:2   | Found a staircase to the Shoals.
 12232 | Lair:2   | Reached ****** piety under Cheibriados
 12379 | Lair:2   | Found a staircase to the Snake Pit.
 12392 | Lair:2   | Reached skill level 8 in Armour
 12761 | Lair:2   | Reached skill level 9 in Armour
 13096 | Lair:3   | Reached XP level 13. HP: 106/106 MP: 13/13
 13323 | Lair:3   | Found a blossoming altar of Fedhas.
 13890 | Lair:4   | Reached skill level 10 in Armour
 14052 | Lair:4   | Found a runed translucent door.
 14213 | Lair:4   | Found a staircase to the Slime Pits.
 14214 | Lair:4   | Found a viscous altar of Jiyva.
 14927 | Lair:5   | Entered Level 5 of the Lair of Beasts
 14966 | Lair:5   | Reached skill level 11 in Armour
 15309 | Lair:5   | Reached XP level 14. HP: 100/113 MP: 14/14
 15462 | Lair:5   | Reached skill level 12 in Armour
 15936 | Lair:5   | Reached skill level 13 in Armour
 16553 | D:12     | Noticed Azrael
 16575 | D:12     | Killed Azrael
 16907 | D:12     | Found a frozen archway.
 17395 | D:12     | Got the Anthology of the Entourage and Bewitchment
 17602 | D:13     | Reached XP level 15. HP: 101/118 MP: 15/15
 17951 | D:13     | You fall into a shaft and drop 2 floors!
 17951 | D:15     | Entered Level 15 of the Dungeon
 18216 | D:15     | Reached skill level 14 in Armour
 18418 | D:14     | Found a gate to the Vaults.
 18859 | D:14     | Found a stormy altar of Qazlal.
 19258 | D:13     | Found a runed translucent door.
 19311 | D:13     | Found a runed translucent door.
 19311 | D:13     | Found a runed translucent door.
 19327 | D:13     | Found a runed translucent door.
 19444 | D:13     | Reached skill level 15 in Armour
 19895 | D:15     | Found a staircase to the Depths.
 20373 | Orc:1    | Entered Level 1 of the Orcish Mines
 20415 | Orc:1    | Found Jire's Self-Improvement Boutique.
 20451 | Orc:1    | Found Wighies's Distillery.
 20598 | Orc:1    | Found Raonycon's Jewellery Emporium.
 20607 | Orc:1    | Bought the ring "Katoblal" {rN+ Will+ Str+3 Dex+6} for 945
                  | gold pieces
 20669 | Orc:2    | Entered Level 2 of the Orcish Mines
 20764 | Orc:2    | Found Haril's Antique Weapon Boutique.
 20813 | Orc:2    | Found Mazocwoph's Book Shop.
 20897 | Orc:2    | Gained mutation: You are mostly covered in slimy green
                  | scales. (AC +3) [demonic ancestry]
 20897 | Orc:2    | Reached XP level 16. HP: 86/125 MP: 16/16
 21154 | Orc:2    | Found Waorog Hees's General Store.
 21218 | Orc:2    | Found a staircase to the Elven Halls.
 21220 | Orc:2    | Found Entyinke's Antique Armour Boutique.
 21228 | Orc:2    | Bought a blackened scarf for 310 gold pieces
 21228 | Orc:2    | Identified the scarf "Kaohac" {harm, Drain Will+ Regen+
                  | SInv} (You bought it in a shop on level 2 of the Orcish
                  | Mines)
 21581 | Snake:1  | Entered Level 1 of the Snake Pit
 22105 | Snake:1  | Found a bloodstained altar of Trog.
 22178 | Snake:1  | Reached skill level 15 in Shields
 22183 | Snake:1  | Reached skill level 16 in Armour
 22738 | Snake:2  | Noticed Louise
 22749 | Snake:2  | Killed Louise
 23225 | Snake:2  | Found Geaj's Jewellery Shoppe.
 23275 | Snake:2  | Bought the ring of Zioneoh {Wiz Will+ Str+2 Int+2 SInv} for
                  | 993 gold pieces
 23544 | Snake:2  | Identified the +5 dagger of War {chaos, rPois Will+ rCorr
                  | SInv}
 23635 | Snake:2  | Reached skill level 17 in Armour
 23936 | Snake:3  | Reached skill level 15 in Polearms
 23948 | Snake:3  | Reached XP level 17. HP: 19/131 MP: 17/17
 24277 | Snake:3  | Identified Roxanne's Vademecum on Transition
 24277 | Snake:3  | Noticed Roxanne
 24389 | Snake:3  | Noticed Aizul
 24397 | Snake:3  | Killed Aizul
 24602 | Snake:3  | Identified the +5 ring mail of the Orb {MP+9 Str+2 Slay+2}
 24643 | Snake:3  | Identified the +2 leather armour "Idoex" {MP+9 Str+3 Int-2
                  | Dex+5}
 24860 | Snake:3  | Killed Roxanne
 24903 | Snake:4  | Entered Level 4 of the Snake Pit
 24910 | Snake:4  | Found Zomov's Magic Scroll Shop.
 24929 | Snake:4  | Found Mailasch's Weapon Boutique.
 24929 | Snake:4  | Found Notritex's Antique Weapon Shop.
 24933 | Snake:4  | Found Hufomecaa's Assorted Antiques.
 24955 | Snake:4  | Identified the +3 hand axe "Utoeduup" {heavy, Fragile rElec
                  | rC+ Str+4}
 24975 | Snake:4  | Noticed Bai Suzhen
 25005 | Snake:4  | Killed Bai Suzhen
 25208 | Snake:4  | Noticed Kirke
 25261 | Snake:4  | Reached skill level 18 in Armour
 25276 | Snake:4  | Killed Kirke
 25297 | Snake:4  | Killed from afar by a naga mage

Illustrated notes

Levels and vault maps discovered:
D:1:      dpeg_arrival_line_fractal, layout_basic,
          hellmonk_ecumenical_altar_slurped_away
D:2:      layout_basic, minmay_split_cup_small, uniq_natasha
D:3:      layout_basic
D:4:      layout_rooms, minmay_temple_entry_crystal_x, serial_forest,
          infiniplex_forest_corner_1, infiniplex_forest_lined_2,
          infiniplex_forest_clump_large, infiniplex_forest_lined_2,
          infiniplex_forest_zigzag_1, infiniplex_forest_clump_cross,
          infiniplex_forest_end_3, infiniplex_forest_clump_double,
          infiniplex_forest_lined_4_way, hangedman_decor_peaks_small
D:5:      layout_basic, mainiacjoe_overflow_chevrons, serial_shops,
          nicolae_shop_tiny_real_fake_doors, minivault_27,
          small_statue_intersection, grunt_decor_resistance
D:6:      layout_loops_cross, nrook_pool_corridor, nicolae_shop_vocational,
          uniq_pikel, uniq_sigmund
D:7:      layout_loops_ring, serial_shops, nicolae_shop_crystal, shop, shop,
          lemuel_flame_loot_1
D:8:      layout_layer_cave, bloody_makhleb, grunt_temple_overflow_open,
          roderic_roman_lattice
D:9:      layout_rooms, elyvilon_altar_1, mainiacjoe_overflow_alcove_2,
          erik_orc_1
D:10:     layout_gridville, amcnicky_altar_gilded, erik_lair_dragon,
          enter_bailey_2
D:11:     layout_grid_maze, special_room [special_room_orc]
D:12:     cheibrodos_lost_city_excavation, layout_basic,
          portal_ice_cave_entry_pillars_2, uniq_azrael
D:13:     layout_loops_ring, minmay_statue_crystal_thing
D:14:     layout_basic, skrybe_vaults_entry_preservation, grunt_qazlal_clouds
D:15:     grunt_enter_depths_snipers, layout_basic, kennysheep_crisscross
Temple:   minmay_freezing_vapour_temple
Lair:1:   layout_gridlike
Lair:2:   layout_regular_city, minmay_shoals_entry_centaurs,
          minmay_snake_entry_six_corridors
Lair:3:   layout_misc_corridors, tgw_fedhas, serial_bayou_shore_b,
          infiniplex_staircase_pool_2
Lair:4:   layout_roguey, nicolae_slime_entry_slimehenge, pf_torpor_hydra,
          grunt_megastairs_2
Lair:5:   gammafunk_lair_ancient_temple, layout_regular_city
Snake:1:  nicolae_snake_crotalidae_crossing, layout_grid_shapes, basic_altar,
          guppyfry_library_mini
Snake:2:  layout_grid_shapes, serial_shops, shop, uniq_louise
Snake:3:  layout_grid_shapes, uniq_aizul, uniq_roxanne
Snake:4:  minmay_snake_end_coiled, layout_rooms, basic_altar, lemuel_fruit_tree,
          minmay_shoptagon, uniq_bai_suzhen, uniq_kirke
Orc:1:    layout_diamond_mine, serial_shops, nicolae_lakefront_shop,
          nicolae_shop_tiny_waterfront, shop_fountains, nicolae_shop_self_help
Orc:2:    grunt_orc_gardens, layout_caves, grunt_orc_garden, grunt_orc_garden,
          grunt_orc_garden, grunt_orc_garden

Skill      XL: |  1  2  3  4  5  6  7  8  9 10 11 12 13 14 15 16 17 |
---------------+----------------------------------------------------+-----
Shields        | 3 4 5 6 7 8 9 10 11 12 13 14 15 16 | 16.1
Fighting       | 4 5 6 7 9 10 11 | 11.1
Polearms       | 1 2 3 5 7 8 9 10 12 13 14 15 | 15.5
Armour         | 6 9 11 13 15 17 18 | 18.0
Axes           | |  1.7

Action                     |  1- 3 |  4- 6 |  7- 9 | 10-12 | 13-15 | 16-18 || total
---------------------------+-------+-------+-------+-------+-------+-------++-------
  Melee: War axe           |    51 |       |       |       |       |       ||    51
         Dagger            |    43 |    72 |       |       |       |       ||   115
         Trident           |       |    70 |   228 |   594 |  1286 |   680 ||  2858
         Kick              |       |    19 |    52 |   216 |   644 |   111 ||  1042
    Use: Potion            |     5 |     1 |     2 |     1 |     4 |     9 ||    22
         Scroll            |     1 |    11 |     1 |       |    12 |     5 ||    30
   Stab: Sleeping          |       |       |     1 |     1 |       |       ||     2
         Distracted        |       |       |     1 |     1 |       |     6 ||     8
         Confused          |       |       |       |     2 |       |       ||     2
 Armour: Scale mail        |    30 |    37 |    43 |       |       |       ||   110
         Steam dragon scal |       |       |    17 |    42 |       |       ||    59
         Plate armour      |       |       |       |   195 |   885 |   381 ||  1461
  Dodge: Dodged            |    64 |    74 |    93 |   286 |   656 |   284 ||  1457
  Block: Buckler           |    31 |    70 |    96 |   495 |  1030 |   261 ||  1983
         Reflection        |       |       |       |    11 |       |   107 ||   118
         Kite shield       |       |       |       |       |       |   655 ||   655
